 Dungeon Crawl Stone Soup version 0.29-a0-383-g8b6f518c11 (webtiles) character file.

Game seed: 5674946416910317513

74523 Bruhh the Thaumaturge (level 15, -7/158 HPs)
             Began as a Gnoll Ice Elementalist on May 6, 2022.
             Was a Priest of Ashenzari.
             Mangled by a skeletal warrior
             ... wielding a +0 dire flail
              (23 damage)
             ... on level 14 of the Dungeon.
             The game lasted 01:18:56 (33138 turns).

Bruhh the Thaumaturge (Gnoll Ice Elementalist)     Turns: 33138, Time: 01:18:57

Health: -7/158     AC: 29    Str: 11    XL:     15   Next: 47%
Magic:  32/32      EV: 21    Int: 21    God:    Ashenzari [***...]
Gold:   460        SH:  0    Dex: 13    Spells: 4/41 levels left

rFire   . . .      SeeInvis +   P - +6 dagger of the Blessed Realm {spect, rN+}
rCold   . . .      Faith    .   (no shield)
rNeg    + + +      Spirit   .   (body armour currently unavailable)
rPois   ∞          Reflect  .   l - +0 helmet of Ashenzari's Jealousy {Self, Cun} (curse)
rElec   +          Harm     .   v - +0 cloak
rCorr   .          Rampage  .   (gloves currently unavailable)
Will    ++...      Clarity  +   (boots currently unavailable)
Stlth   +++++.....              M - amulet of magic regeneration
HPRegen 0.36/turn               W - ring of Makhleb's Scorn {Wiz rN+ Str+3}
MPRegen 0.63/turn               O - ring of Supernal Knowledge {Will+ EV+4, Self, Fort} (curse)

@: mighty, about to teleport, statue-form (expiring), very slow
A: slow and powerful, torment resistance 1, boosted hp, fangs 1, strong nose,
distributed training
a: End Transformation, Renounce Religion, Curse Item, Shatter the Chains


You were on level 14 of the Dungeon.
You worshipped Ashenzari.
Ashenzari was most pleased with you.
You were a living statue of rough stone.
You visited 4 branches of the dungeon, and saw 23 of its levels.
You also visited: Ossuary.

You collected 2233 gold pieces.
You spent 1773 gold pieces at shops.

Inventory:

Hand Weapons
 u - a +3 quarterstaff of chaos
 P - the +6 dagger of the Blessed Realm (weapon) {spect, rN+}
   (You found it on level 3 of the Lair of Beasts)

   When its wielder attacks, the weapon's spirit leaps out and strikes again.
   The spirit shares a part of any damage it takes with its wielder.
   rN:        It protects you from negative energy.
 R - a +0 great sword
Missiles
 k - 2 curare-tipped darts
 n - 32 poisoned darts
 Z - a throwing net
Armour
 a - the cursed +0 robe "Adversity of Ashenzari" (melded) {Bglg, Self}

   It has a curse which improves the following skills: Beguiling: Conjurations,
   Hexes and Translocations.
   Introspection: Fighting and Spellcasting.
 e - the cursed +0 pair of boots of Ashenzari's Stickiness (melded) {Self, Melee}
   (You found it on level 6 of the Dungeon)

   It has a curse which improves the following skills: Introspection: Fighting
   and Spellcasting.
   Melee Combat: Short Blades, Long Blades, Axes, Maces & Flails, Polearms,
   Staves and Unarmed Combat.
 l - the cursed +0 helmet of Ashenzari's Jealousy (worn) {Self, Cun}
   (You found it on level 2 of the Dungeon)

   It has a curse which improves the following skills: Introspection: Fighting
   and Spellcasting.
   Cunning:   Dodging and Stealth.
 v - a +0 cloak (worn)
 w - the cursed +0 pair of gloves of the Tethered Sybil (melded) {Self, Elem}
   (You found it on level 5 of the Dungeon)

   It has a curse which improves the following skills: Introspection: Fighting
   and Spellcasting.
   Elements:  Fire Magic, Ice Magic, Air Magic and Earth Magic.
 S - a +0 pair of gloves
Jewellery
 A - an amulet of guardian spirit
 L - a ring of flight
 M - an amulet of magic regeneration (around neck)
 N - a ring of ice
 O - the cursed ring of Supernal Knowledge (right fist) {Will+ EV+4, Self, Fort}
   (You found it on level 3 of the Lair of Beasts)

   [ring of evasion]

   EV:        It affects your evasion (+4).
   Will:      It increases your willpower.
   It has a curse which improves the following skills: Introspection: Fighting
   and Spellcasting.
   Fortitude: Armour and Shields.
 V - a ring of wizardry
 W - the ring of Makhleb's Scorn (left fist) {Wiz rN+ Str+3}
   (You bought it in a shop on level 11 of the Dungeon)

   [ring of wizardry]

   It improves your spell success rate.
   Str:       It affects your strength (+3).
   rN:        It protects you from negative energy.
 X - a ring of wizardry
 Y - an amulet of reflection
Wands
 m - a wand of paralysis (4)
 q - a wand of charming (5)
 x - a wand of flame (24)
 I - a wand of polymorph (15)
 Q - a wand of iceblast (10)
 U - a wand of digging (9)
Scrolls
 b - 2 scrolls of vulnerability
 c - 3 scrolls of amnesia
 f - 4 scrolls of teleportation
 j - 4 scrolls of enchant weapon
 o - 2 scrolls of poison
 r - a scroll of silence
 s - 6 scrolls of fear
 y - 2 scrolls of enchant armour
 B - a scroll of fog
 E - 6 scrolls of magic mapping
 G - 2 scrolls of blinking
 J - a scroll of brand weapon
Potions
 d - 16 potions of curing
 g - 3 potions of brilliance
 h - 5 potions of attraction
 i - 5 potions of lignification
 p - 4 potions of haste
 t - 14 potions of ambrosia
 z - 5 potions of mutation
 C - 4 potions of flight
 D - 2 potions of invisibility
 F - a potion of berserk rage
 K - 3 potions of might


   Skills:
 + Level 10.1(12.5) Fighting
 + Level 10.1 Short Blades
 + Level 10.1 Long Blades
 + Level 10.1 Axes
 + Level 10.1 Maces & Flails
 + Level 10.1 Polearms
 + Level 10.1 Staves
 + Level 10.1 Slings
 + Level 10.1 Bows
 + Level 10.1 Crossbows
 + Level 10.1 Throwing
 + Level 10.1(11.7) Armour
 + Level 11.1(12.7) Dodging
 + Level 11.0(12.5) Stealth
 + Level 10.1(11.7) Shields
 + Level 10.1 Unarmed Combat
 + Level 11.3(13.7) Spellcasting
 + Level 8.5 Conjurations
 + Level 8.5 Hexes
 + Level 8.5 Summonings
 + Level 8.5 Necromancy
 + Level 8.5 Translocations
 + Level 8.5 Transmutations
 + Level 8.5 Fire Magic
 + Level 11.1 Ice Magic
 + Level 8.5 Air Magic
 + Level 8.5 Earth Magic
 + Level 8.5 Poison Magic
 + Level 11.0 Invocations
 + Level 10.1 Evocations


You had 4 spell levels left.
You knew the following spells:

 Your Spells              Type           Power      Damage    Failure   Level
a - Freeze                Ice            100%       1d11      1%          1
b - Frozen Ramparts       Ice            100%       1d12      1%          3
c - Ozocubu's Armour      Ice            57%        N/A       1%          3
d - Hailstorm             Conj/Ice       53%        3d12      1%          4
e - Stone Arrow           Conj/Erth      100%       3d13      1%          3
f - Manifold Assault      Tloc           50%        N/A       1%          5
g - Blade Hands           Tmut           25%        N/A       1%          5
h - Statue Form           Tmut/Erth      33%        N/A       9%          6
i - Dragon Form           Tmut           25%        N/A       41%         7

Your spell library contained the following spells:

 Spells                   Type           Power      Damage    Failure   Level
 Beastly Appendage        Tmut           100%       N/A       1%          1
 Foxfire                  Conj/Fire      100%       2x1d9     1%          1
 Blink                    Tloc           100%       N/A       1%          2
 Wereblood                Tmut           50%        N/A       1%          2
 Conjure Flame            Conj/Fire      50%        6-21      1%          3
 Inner Flame              Hex/Fire       50%        N/A       1%          3
 Lesser Beckoning         Tloc           50%        N/A       1%          3
 Spider Form              Tmut/Pois      50%        N/A       1%          3
 Summon Guardian Golem    Hex/Summ       50%        N/A       1%          3
 Tukima's Dance           Hex            50%        N/A       1%          3
 Animate Armour           Summ/Erth      100%       N/A       1%          4
 Cause Fear               Hex            25%        N/A       1%          4
 Flame Wave               Conj/Fire      50%        2d10      1%          4
 Leda's Liquefaction      Hex/Erth       25%        N/A       1%          4
 Passage of Golubria      Tloc           50%        N/A       1%          4
 Lee's Rapid Deconstruct  Erth           25%        3d15*     1%          5
 Yara's Violent Unravell  Hex/Tmut       25%        3d11      1%          5
 Iron Shot                Conj/Erth      25%        9d5       9%          6
 Orb of Destruction       Conj           25%        9d9       41%         7
 Spellforged Servitor     Conj/Summ      25%        N/A       41%         7
 Lehudib's Crystal Spear  Conj/Erth      25%        10d7      96%         8
 Dragon's Call            Summ           25%        N/A       100%        9


Dungeon Overview and Level Annotations

Branches:
Dungeon (14/15)            Temple (1/1) D:4            Lair (6/6) D:10
 Shoals (0/4) Lair:4       Spider (0/4) Lair:2        Slime (0/5) Lair:5
    Orc (2/2) D:12            Elf (0/3) Orc:2       Ossuary (visited)
 Vaults: D:13-14

Altars:
Ashenzari
Cheibriados
Dithmenos
Elyvilon
Fedhas
Okawaru
Ru
Trog
Wu Jian
Zin
The Shining One
Jiyva

Shops:
D:1 =   D:8 :   D:11 =   Orc:1 ?   Orc:2 *[[(

Portals:
Abyss: Lair:3

Annotations:
D:9 3 runed translucent doors, bgiannan's ghost, novice HOFi
Lair:3 2 transporters, Gelon's ghost, journeyman TeAE
Lair:6 1 runed translucent door, Nimeacs's ghost, journeyman GnHu
Abyss:1 Edmund


Innate Abilities, Weirdness & Mutations

You are a living statue of rough stone.
Your actions are slow, but your melee attacks are powerful.
You are resistant to unholy torment.
Your maximum health is greatly increased.
You are immune to poison.
Your equipment is partially melded.
You have very sharp teeth.
Your uncanny sense of smell can sniff out nearby items.
Your experience applies equally to all skills.


Message History

The skeletal warrior hits you but does no damage.
The skeletal warrior hits you with a +0 dire flail!
* * * LOW HITPOINT WARNING * * *
The skeletal warrior splashes around in the water.
The skeletal warrior closely misses you.
The skeletal warrior hits you with a +0 scimitar!
* * * LOW HITPOINT WARNING * * *
You see here an ugly thing skeleton.
Your transformation is almost over.
The skeletal warrior misses you.
You hit the skeletal warrior. Your punch misses the skeletal warrior.
The skeletal warrior is severely damaged.
Your +6 dagger of the Blessed Realm {spect, rN+} hits the skeletal warrior but does no damage.
You puncture the skeletal warrior!
The skeletal warrior is almost destroyed.
Your +6 dagger of the Blessed Realm {spect, rN+} completely misses the skeletal warrior.
The skeletal warrior completely misses you.
The skeletal warrior misses you.
You closely miss the skeletal warrior.
You bite the skeletal warrior, but do no damage.
The skeletal warrior is almost destroyed.
Your +6 dagger of the Blessed Realm {spect, rN+} hits the skeletal warrior!
You destroy the skeletal warrior!
The skeletal warrior barely misses you.
The skeletal warrior completely misses you.
Your base Stealth skill increases to level 11!
Casting: Stone Arrow (safe; 1% risk of failure)
Confirm with . or Enter, or press ? or * to list all spells.
Okay, then.
As you read the scroll of teleportation, it crumbles to dust.
You feel strangely unstable.
The skeletal warrior hits you with a +0 dire flail!
* * * LOW HITPOINT WARNING * * *
The skeletal warrior barely misses you.
The skeletal warrior attacks as you move away!
The skeletal warrior misses you.
The skeletal warrior hits you but does no damage.
The skeletal warrior misses you.
The skeletal warrior hits you with a +0 dire flail!!
You die...

#.P≈≈≈≈P)####
...≈≈≈≈≈≈....# * *
...≈≈≈≈≈≈....#
...≈≈≈≈≈...###
....≈≈≈≈(###
...≈≈≈≈≈.#
....≈≈≈≈÷#####
....≈≈≈).z...#
...≈≈≈≈≈)z8..#
..≈≈≈≈≈≈..##.#
*,∆#..P≈≈≈≈≈..##.#
. #.≈.≈≈≈≈.≈.##.#
..#.≈≈≈≈≈≈P..##.#
#.....≈≈≈≈≈≈..##.#
....≈.≈≈≈≈≈≈.....#
.....≈≈≈≈≈≈≈.....#
##?..≈≈≈≈≈≈..###.#


You could see 2 skeletal warriors.

Vanquished Creatures
  Rupert (Lair:5)
  A stone giant (Orc:2)
  A rakshasa (D:14)
  A great orb of eyes (D:9)
  Fannar (D:11)
  2 hydras
  Erolcha (Orc:1)
  A catoblepas (Lair:6)
  3 centaur warriors
  2 two-headed ogres
  A deep troll shaman (Lair:6)
  10 death yaks
  3 orc high priests (Orc:2)
  3 skeletal warriors (D:14)
  Lodul (D:10)
  A harpy (shapeshifter) (D:13)
  2 deep elf pyromancers
  6 orc knights (Orc:2)
  4 orc sorcerers
  9 ugly things
  A manticore (D:12)
  A wolf spider (Lair:1)
  2 cyclopes
  15 elephants
  3 black mambas
  15 cane toads
  3 torpor snails (Lair:6)
  Psyche (D:10)
  2 gargoyles
  A rime drake (Lair:6)
  A kobold demonologist (D:9)
  A tengu conjurer (D:14)
  An efreet (D:13)
  7 komodo dragons
  2 ice devils (D:13)
  6 trolls
  3 meliai (D:13)
  A queen bee (D:13)
  A meliai (shapeshifter) (D:14)
  A polar bear (Lair:6)
  Prince Ribbit (D:7)
  11 blink frogs
  10 dream sheep (Lair:6)
  10 slime creatures (D:13)
  2 hornets
  Sigmund (D:2)
  3 shadows
  2 wyverns
  A basilisk (Lair:3)
  4 water elementals (D:14)
  35 yaks
  Menkaure (Ossuary)
  A steam dragon (D:10)
  A warg (Orc:2)
  8 vampire mosquitoes
  22 water moccasins
  5 black bears
  5 ice beasts
  13 orc warriors
  12 ogres
  21 wolves
  12 centaurs
  A phantom (D:6)
  3 kobold brigands
  An elf zombie (Ossuary)
  15 bullfrogs
  3 gnoll sergeants
  A necrophage (D:6)
  A scorpion (D:7)
  11 wights
  11 killer bees (D:13)
  A howler monkey (D:6)
  An electric eel (D:14)
  2 centaur zombies (Ossuary)
  A gnoll shaman (D:8)
  A hound (D:5)
  2 jellies
  13 orc priests
  Crazy Yiuf (D:4)
  Terence (D:2)
  2 iguanas
  13 orc wizards
  4 hell rats (Lair:3)
  3 ogre zombies (Ossuary)
  6 mummies (Ossuary)
  Robin (D:2)
  10 adders
  21 gnolls
  A shadow imp (D:4)
  A white imp (D:7)
  An ufetubus (D:5)
  4 adder zombies (Ossuary)
  2 worms
  2 dart slugs
  37 orcs
  13 ball pythons
  2 endoplasms (D:1)
  3 giant cockroaches (D:1)
  6 hobgoblins
  13 jackals (D:1)
  20 kobolds
  6 quokkas
  A bat (D:1)
  4 frilled lizards
  10 goblins
  4 goblin zombies (Ossuary)
  4 hobgoblin zombies (Ossuary)
  2 kobold zombies (Ossuary)
  2 orc zombies (Ossuary)
  4 quokka zombies (Ossuary)
  7 rats
  4 rat zombies (Ossuary)
586 creatures vanquished.

Vanquished Creatures (others)
  A tengu conjurer (D:14)
  An orc priest (Orc:2)
  52 fungi
  68 plants
122 creatures vanquished.

Grand Total: 708 creatures vanquished

Notes
Turn   | Place    | Note
-------+----------+-------------------------------------------
     0 | D:1      | Bruhh the Gnoll Ice Elementalist began the quest for the
                  | Orb.
     0 | D:1      | Reached XP level 1. HP: 13/13 MP: 6/6
   220 | D:1      | Reached XP level 2. HP: 19/19 MP: 4/7
   401 | D:1      | Reached XP level 3. HP: 24/25 MP: 5/9
   428 | D:1      | Reached skill level 5 in Spellcasting
   738 | D:1      | Reached skill level 1 in Invocations
   799 | D:1      | Learned a level 3 spell: Frozen Ramparts
   803 | D:1      | Learned a level 3 spell: Ozocubu's Armour
  1116 | D:1      | Found a faded altar of an unknown god.
  1164 | D:1      | Found Efoomy's One-of-a-Kind Rings.
  1199 | D:2      | Noticed Robin
  1204 | D:2      | Killed Robin
  1205 | D:2      | Reached skill level 1 in Fighting
  1205 | D:2      | Reached skill level 1 in Short Blades
  1205 | D:2      | Reached skill level 1 in Long Blades
  1205 | D:2      | Reached skill level 1 in Axes
  1205 | D:2      | Reached skill level 1 in Maces & Flails
  1205 | D:2      | Reached skill level 1 in Polearms
  1205 | D:2      | Reached skill level 1 in Staves
  1205 | D:2      | Reached skill level 1 in Slings
  1205 | D:2      | Reached skill level 1 in Bows
  1205 | D:2      | Reached skill level 1 in Crossbows
  1205 | D:2      | Reached skill level 1 in Throwing
  1205 | D:2      | Reached skill level 1 in Armour
  1205 | D:2      | Reached skill level 1 in Shields
  1205 | D:2      | Reached skill level 1 in Unarmed Combat
  1205 | D:2      | Reached skill level 1 in Evocations
  1205 | D:2      | Reached XP level 4. HP: 32/32 MP: 7/11
  1554 | D:2      | Noticed Terence
  1560 | D:2      | Killed Terence
  1561 | D:2      | Reached skill level 1 in Conjurations
  1561 | D:2      | Reached skill level 1 in Hexes
  1561 | D:2      | Reached skill level 1 in Summonings
  1561 | D:2      | Reached skill level 1 in Necromancy
  1561 | D:2      | Reached skill level 1 in Translocations
  1561 | D:2      | Reached skill level 1 in Transmutations
  1561 | D:2      | Reached skill level 1 in Fire Magic
  1561 | D:2      | Reached skill level 1 in Air Magic
  1561 | D:2      | Reached skill level 1 in Earth Magic
  1561 | D:2      | Reached skill level 1 in Poison Magic
  1899 | D:2      | Noticed Sigmund
  1920 | D:2      | Killed Sigmund
  1921 | D:2      | Reached XP level 5. HP: 38/38 MP: 4/12
  1921 | D:2      | Reached XP level 6. HP: 44/44 MP: 4/14
  2121 | D:3      | Reached skill level 5 in Dodging
  2972 | D:4      | Identified the +4 ring mail of the Moon Troll {rPois rN++}
  3138 | D:4      | Reached XP level 7. HP: 40/50 MP: 10/15
  3221 | D:4      | Found the +5 demon whip "Spellbinder" {antimagic, Will+}
  3265 | D:4      | Found a runed translucent door.
  3266 | D:4      | Noticed Crazy Yiuf
  3338 | D:4      | Found a glowing golden altar of the Shining One.
  3408 | D:4      | Found a staircase to the Ecumenical Temple.
  3634 | Temple   | Entered the Ecumenical Temple
  3731 | Temple   | Became a worshipper of Ashenzari the Shackled
  4148 | D:4      | Killed Crazy Yiuf
  4242 | D:5      | Entered Level 5 of the Dungeon
  4513 | D:5      | Reached skill level 5 in Stealth
  4748 | D:5      | Noticed a troll
  4812 | D:5      | Reached XP level 8. HP: 40/57 MP: 11/16
  4929 | D:5      | Killed a troll
  5429 | D:5      | Noticed a yak
  5439 | D:5      | Noticed a yak
  5439 | D:5      | Noticed a yak
  5440 | D:5      | Killed a yak
  5441 | D:5      | Noticed a yak
  5453 | D:5      | Killed a yak
  5454 | D:5      | Reached XP level 9. HP: 56/65 MP: 7/19
  6080 | D:6      | Reached * piety under Ashenzari
  6269 | D:6      | Noticed Edmund
  6294 | D:6      | Banished Edmund
  6634 | D:6      | Found a sand-covered staircase.
  6671 | Ossuary  | Entered an ossuary
  6759 | Ossuary  | Learned a level 4 spell: Hailstorm
  7246 | Ossuary  | Noticed Menkaure
  7255 | Ossuary  | Killed Menkaure
  7256 | Ossuary  | Reached skill level 5 in Invocations
  8038 | D:6      | Learned a level 3 spell: Stone Arrow
  8305 | D:7      | Reached XP level 10. HP: 74/75 MP: 0/21
  8709 | D:7      | Reached ** piety under Ashenzari
  8958 | D:7      | Reached skill level 5 in Fighting
  8958 | D:7      | Reached skill level 5 in Short Blades
  8958 | D:7      | Reached skill level 5 in Long Blades
  8958 | D:7      | Reached skill level 5 in Axes
  8958 | D:7      | Reached skill level 5 in Maces & Flails
  8958 | D:7      | Reached skill level 5 in Polearms
  8958 | D:7      | Reached skill level 5 in Staves
  8958 | D:7      | Reached skill level 5 in Slings
  8958 | D:7      | Reached skill level 5 in Bows
  8958 | D:7      | Reached skill level 5 in Crossbows
  8958 | D:7      | Reached skill level 5 in Throwing
  8958 | D:7      | Reached skill level 5 in Armour
  8958 | D:7      | Reached skill level 5 in Shields
  8958 | D:7      | Reached skill level 5 in Unarmed Combat
  8958 | D:7      | Reached skill level 5 in Evocations
  9328 | D:7      | Noticed Prince Ribbit
  9347 | D:7      | Killed Prince Ribbit
  9700 | D:8      | Noticed a two-headed ogre
  9705 | D:8      | Killed a two-headed ogre
  9906 | D:7      | Identified the cursed +0 cloak of Ashenzari's Sun {Range,
                  | Bglg} (You took it off Crazy Yiuf on level 4 of the
                  | Dungeon)
  9906 | D:7      | Identified the cursed +0 pair of boots of Curses and Power
                  | {Cun, Fort} (You found it on level 6 of the Dungeon)
  9906 | D:7      | Identified the cursed +0 robe "Adversity of Ashenzari"
                  | {Bglg, Self}
 10915 | D:8      | Found Bavisi Isil's Book Shoppe.
 10924 | D:8      | Bought a book of the Earth for 396 gold pieces
 11151 | D:9      | Noticed a white ugly thing
 11152 | D:9      | Noticed a kobold demonologist
 11169 | D:9      | Killed a kobold demonologist
 11564 | D:9      | Noticed a cyan ugly thing
 11566 | D:9      | Noticed a boulder beetle
 11573 | D:9      | Reached XP level 11. HP: 65/84 MP: 9/24
 11573 | D:9      | Killed a cyan ugly thing
 11580 | D:9      | Reached skill level 5 in Conjurations
 11580 | D:9      | Reached skill level 5 in Hexes
 11580 | D:9      | Reached skill level 5 in Summonings
 11580 | D:9      | Reached skill level 5 in Necromancy
 11580 | D:9      | Reached skill level 5 in Translocations
 11580 | D:9      | Reached skill level 5 in Transmutations
 11580 | D:9      | Reached skill level 5 in Fire Magic
 11580 | D:9      | Reached skill level 5 in Air Magic
 11580 | D:9      | Reached skill level 5 in Earth Magic
 11580 | D:9      | Reached skill level 5 in Poison Magic
 11704 | D:9      | Noticed a great orb of eyes
 11704 | D:9      | a boulder beetle changed into a great orb of eyes
 11709 | D:9      | Killed a great orb of eyes
 11818 | D:9      | Noticed a five-headed hydra
 11907 | D:9      | Killed a five-headed hydra
 12101 | D:9      | Killed a white ugly thing
 12250 | D:9      | Found a runed translucent gate.
 12251 | D:9      | Found a runed translucent gate.
 12251 | D:9      | Found a runed translucent gate.
 12253 | D:9      | Noticed bgiannan's ghost (novice HOFi)
 12258 | D:9      | Found a viscous altar of Jiyva.
 12852 | D:10     | Entered Level 10 of the Dungeon
 12938 | D:10     | Found a staircase to the Lair.
 13100 | D:10     | Noticed Psyche
 13107 | D:10     | Killed Psyche
 13750 | D:10     | Noticed Lodul
 13770 | D:10     | Killed Lodul
 14106 | D:8      | Bought a book of Iron for 396 gold pieces
 14189 | Lair:1   | Entered Level 1 of the Lair of Beasts
 14195 | Lair:1   | Noticed a wolf spider
 14207 | Lair:1   | Killed a wolf spider
 14208 | Lair:1   | Reached XP level 12. HP: 61/96 MP: 9/27
 15895 | Lair:1   | Identified the +1 long sword "Feoma" {drain, *Slow rN+
                  | Str-5 Dex+8}
 17368 | Lair:2   | Found a hole to the Spider Nest.
 18272 | Lair:2   | Identified the +5 long sword of Law {drain, rCorr MP-9
                  | Str+4 Dex+3}
 18823 | Lair:3   | Identified the ring "Ytuak" {Will+ EV+4}
 18987 | Lair:3   | Identified the +6 dagger of the Blessed Realm {spect, rN+}
 19027 | Lair:3   | Found a transporter.
 19033 | Lair:3   | Found a transporter.
 19035 | Lair:3   | Noticed a sun demon
 19044 | Lair:3   | Found a one-way gate to the infinite horrors of the Abyss.
 19044 | Lair:3   | Noticed Gelon's ghost (journeyman TeAE)
 19657 | Lair:3   | Learned a level 5 spell: Manifold Assault
 19663 | Lair:3   | Learned a level 5 spell: Blade Hands
 19675 | Lair:3   | Noticed a sun demon
 19683 | Lair:3   | Noticed a rakshasa
 19800 | Lair:3   | Reached XP level 13. HP: 97/106 MP: 23/29
 21327 | Lair:4   | Found a staircase to the Shoals.
 21897 | Lair:5   | Found a staircase to the Slime Pits.
 21956 | Lair:5   | Reached skill level 10 in Ice Magic
 22748 | Lair:5   | Noticed Rupert
 22760 | Lair:5   | HP: 3/106 [Rupert/+1 great mace of protection (30)]
 22760 | Lair:5   | Killed Rupert
 23377 | Lair:5   | Reached skill level 10 in Spellcasting
 23688 | Lair:5   | Reached *** piety under Ashenzari
 24283 | Lair:6   | Entered Level 6 of the Lair of Beasts
 24291 | Lair:6   | Noticed Nimeacs's ghost (journeyman GnHu)
 24294 | Lair:6   | Found a runed translucent door.
 24554 | Lair:6   | Reached skill level 10 in Dodging
 24556 | Lair:6   | Reached XP level 14. HP: 62/118 MP: 21/32
 24783 | Lair:6   | Found a snail-covered altar of Cheibriados.
 25330 | Lair:6   | Reached skill level 10 in Stealth
 25497 | Lair:6   | Reached skill level 10 in Invocations
 26419 | D:11     | Learned a level 6 spell: Statue Form
 26565 | D:11     | Identified the cursed +0 pair of boots of Ashenzari's
                  | Stickiness {Self, Melee} (You found it on level 6 of the
                  | Dungeon)
 26699 | D:11     | Noticed Fannar
 26711 | D:11     | Killed Fannar
 27054 | D:11     | Found Bygereuma's Jewellery Shoppe.
 27116 | D:11     | Bought the ring of Makhleb's Scorn {Wiz rN+ Str+3} for 475
                  | gold pieces
 27814 | D:12     | Found a staircase to the Orcish Mines.
 27868 | D:12     | Identified the +7 short sword of the Dark Horse {vorpal,
                  | Str+4}
 28275 | D:13     | Identified the cursed +0 pair of gloves of the Tethered
                  | Sybil {Self, Elem} (You found it on level 5 of the Dungeon)
 28701 | D:13     | Found a frozen archway.
 29222 | Orc:1    | Entered Level 1 of the Orcish Mines
 29304 | Orc:1    | Found Jaggarch's Magic Scroll Emporium.
 29305 | Orc:1    | Noticed Erolcha
 29318 | Orc:1    | Killed Erolcha
 29766 | Orc:2    | Entered Level 2 of the Orcish Mines
 29976 | Orc:2    | Reached XP level 15. HP: 120/120 MP: 32/32
 30857 | Orc:2    | Found a staircase to the Elven Halls.
 32098 | Orc:2    | Reached skill level 10 in Fighting
 32098 | Orc:2    | Reached skill level 10 in Short Blades
 32098 | Orc:2    | Reached skill level 10 in Long Blades
 32098 | Orc:2    | Reached skill level 10 in Axes
 32098 | Orc:2    | Reached skill level 10 in Maces & Flails
 32098 | Orc:2    | Reached skill level 10 in Polearms
 32098 | Orc:2    | Reached skill level 10 in Staves
 32098 | Orc:2    | Reached skill level 10 in Slings
 32098 | Orc:2    | Reached skill level 10 in Bows
 32098 | Orc:2    | Reached skill level 10 in Crossbows
 32098 | Orc:2    | Reached skill level 10 in Throwing
 32098 | Orc:2    | Reached skill level 10 in Armour
 32098 | Orc:2    | Reached skill level 10 in Shields
 32098 | Orc:2    | Reached skill level 10 in Unarmed Combat
 32098 | Orc:2    | Reached skill level 10 in Evocations
 32106 | Orc:2    | Found Gaes's General Store.
 32106 | Orc:2    | Found Fakhle's Weapon Boutique.
 32108 | Orc:2    | Found Ohuczeh's Armour Shoppe.
 32108 | Orc:2    | Found Dis Upae's Antique Armour Boutique.
 32472 | D:8      | Bought a book of the Dragon for 506 gold pieces
 32483 | D:8      | Learned a level 7 spell: Dragon Form
 33138 | D:14     | Mangled by a skeletal warrior

Illustrated notes

Levels and vault maps discovered:
D:1:      dpeg_arrival_simpleton_b, layout_loops_ring,
          ebering_ecumenical_altar_hall, nicolae_shop_unique_rings
D:2:      layout_basic, kennysheep_generic_room_9, uniq_robin, uniq_terence,
          uniq_sigmund
D:3:      layout_basic, serial_corexii_hall, corexii_hall_statues_i,
          corexii_hall_statues_i
D:4:      layout_basic, nicolae_tso_swordbearing_angel, temple_hall,
          uniq_crazy_yiuf_cottage
D:5:      minmay_chambers_of_fours, layout_basic
D:6:      layout_basic, nicolae_ossuary_entry_plus, minmay_crystal_room,
          uniq_edmund
D:7:      layout_basic, uniq_prince_ribbit1
D:8:      layout_basic, serial_shops, nicolae_lakefront_shop, sigmund_army
D:9:      layout_loops_ring, gammafunk_ghost_ooze, kb_rosetta
D:10:     layout_long_grid, lair_entry_dummy, uniq_lodul, uniq_psyche
D:11:     layout_long_grid, serial_shops, shop_fountains,
          chequers_serial_rivers_marsh, uniq_fannar
D:12:     layout_basic, orc_0_dummy
D:13:     layout_rooms, portal_ice_cave_demonic_guard, special_room
          [special_room_bee]
D:14:     layout_long_grid, grunt_vaults_entry_tiered, chequers_big_river
Temple:   mainiacjoe_temple_hex_bubbles
Lair:1:   layout_regular_city, chequers_serial_rivers_micro_c,
          nicolae_lair_run_with_the_wolves, lemuel_fruit_tree
Lair:2:   layout_cave_pods, spider_nest_entry_web_field, serial_rivers,
          chequers_serial_rivers_micro_d, chequers_serial_rivers_micro_c,
          chequers_serial_rivers_marsh, chequers_serial_rivers_room_a
Lair:3:   layout_hall_layers, gammafunk_ghost_abyssal_escape,
          cheibrodos_lair_reptile_den, grunt_megastairs_4
Lair:4:   layout_loops_ring, minmay_shoals_entry_centaurs
Lair:5:   layout_regular_city, slime_dummy, uniq_rupert
Lair:6:   grunt_lair_end_beastmaster, layout_regular_city,
          hellmonk_ghost_happy_afterlife, kennysheep_snail_temple,
          infiniplex_staircase_pool_2
Orc:1:    layout_diamond_mine, basic_altar, serial_shops, shop,
          nicolae_orc_tapped_out, uniq_erolcha
Orc:2:    grunt_orc_tribal_feast, layout_caves,
          hellmonk_guarded_unrand_dark_maul

Skill      XL: |  1  2  3  4  5  6  7  8  9 10 11 12 13 14 15 |
---------------+----------------------------------------------+-----
Spellcasting   | 5 6 7 8 9 10 11 | 11.3
Invocations    | 1 2 3 4 5 6 7 8 9 10 11 | 11.0
Fighting       | 1 2 3 4 5 6 7 8 9 10 | 10.1
Short Blades   | 1 2 3 4 5 6 7 8 9 10 | 10.1
Long Blades    | 1 2 3 4 5 6 7 8 9 10 | 10.1
Axes           | 1 2 3 4 5 6 7 8 9 10 | 10.1
Maces & Flails | 1 2 3 4 5 6 7 8 9 10 | 10.1
Polearms       | 1 2 3 4 5 6 7 8 9 10 | 10.1
Staves         | 1 2 3 4 5 6 7 8 9 10 | 10.1
Slings         | 1 2 3 4 5 6 7 8 9 10 | 10.1
Bows           | 1 2 3 4 5 6 7 8 9 10 | 10.1
Crossbows      | 1 2 3 4 5 6 7 8 9 10 | 10.1
Throwing       | 1 2 3 4 5 6 7 8 9 10 | 10.1
Armour         | 1 2 3 4 5 6 7 8 9 10 | 10.1
Shields        | 1 2 3 4 5 6 7 8 9 10 | 10.1
Unarmed Combat | 1 2 3 4 5 6 7 8 9 10 | 10.1
Evocations     | 1 2 3 4 5 6 7 8 9 10 | 10.1
Conjurations   | 1 2 3 4 5 6 7 8 |  8.5
Hexes          | 1 2 3 4 5 6 7 8 |  8.5
Summonings     | 1 2 3 4 5 6 7 8 |  8.5
Necromancy     | 1 2 3 4 5 6 7 8 |  8.5
Translocations | 1 2 3 4 5 6 7 8 |  8.5
Transmutations | 1 2 3 4 5 6 7 8 |  8.5
Fire Magic     | 1 2 3 4 5 6 7 8 |  8.5
Air Magic      | 1 2 3 4 5 6 7 8 |  8.5
Earth Magic    | 1 2 3 4 5 6 7 8 |  8.5
Poison Magic   | 1 2 3 4 5 6 7 8 |  8.5
Dodging        | 5 6 7 8 9 10 11 | 11.1
Stealth        | 5 6 7 8 9 10 11 | 11.0
Ice Magic      | 8 9 10 11 | 11.1

Action                   |  1- 3 |  4- 6 |  7- 9 | 10-12 | 13-15 || total
-------------------------+-------+-------+-------+-------+-------++-------
Melee: Unarmed           |    45 |       |       |     5 |   340 ||   390
       Bite              |     8 |     2 |    21 |    14 |   133 ||   178
       Punch             |     1 |       |       |     1 |    69 ||    71
       Falchion          |       |    17 |     7 |       |       ||    24
       Quarterstaff      |       |       |   230 |    98 |       ||   328
       Dagger            |       |       |       |    12 |   568 ||   580
 Cast: Freeze            |    50 |    59 |    44 |     3 |     1 ||   157
       Frozen Ramparts   |     1 |     7 |    15 |    29 |    21 ||    73
       Ozocubu's Armour  |       |     3 |    12 |    21 |    13 ||    49
       Stone Arrow       |       |       |    11 |   231 |    43 ||   285
       Hailstorm         |       |       |     4 |     9 |     7 ||    20
       Blade Hands       |       |       |       |     2 |    29 ||    31
       Manifold Assault  |       |       |       |       |    50 ||    50
       Statue Form       |       |       |       |       |    26 ||    26
Invok: Curse Item        |       |       |     2 |     4 |     2 ||     8
       Shatter the Chain |       |       |       |     2 |     1 ||     3
 Abil: End Transformatio |       |       |       |       |     1 ||     1
Evoke: Wand              |       |       |     1 |     3 |     4 ||     8
  Use: Potion            |     1 |     1 |       |     5 |     6 ||    13
       Scroll            |       |       |     1 |       |     5 ||     6
 Stab: Sleeping          |       |       |    18 |       |     7 ||    25
       Paralysed         |       |       |       |     5 |       ||     5
       Confused          |       |       |       |     1 |       ||     1
       Distracted        |       |       |       |       |    14 ||    14
Armor: Robe              |    16 |     9 |   128 |    75 |    82 ||   310
       Skin              |       |       |       |       |   171 ||   171
Dodge: Dodged            |    68 |    53 |   191 |   254 |   792 ||  1358

Table legend: (Time is in decaauts)
 A = Elapsed time spent in this place.
 B = Non-inter-level travel time spent in this place.
 C = Inter-level travel time spent in this place.
 D = Time resting spent in this place.
 E = Time spent auto-exploring this place.
 F = Levels seen in this place.
 G = Mean time per level.
                   A        B        C        D        E       F      G
               +--------+--------+--------+--------+--------+-----+--------+
         Total |  33479 |  31528 |   1951 |   3762 |  22857 |  24 | 1395.0 |
       Dungeon |  18728 |  17279 |   1449 |   1801 |  12672 |  14 | 1337.7 |
        Temple |    123 |     86 |     37 |      0 |     80 |   1 |  123.0 |
          Lair |  10829 |  10477 |    352 |   1564 |   7514 |   6 | 1804.8 |
  Orcish Mines |   2894 |   2782 |    112 |    397 |   1929 |   2 | 1447.0 |
       Ossuary |    903 |    903 |      0 |      0 |    662 |   1 |  903.0 |
               +--------+--------+--------+--------+--------+-----+--------+

Top non-repeatable levels by time:
    D:10: 2573 daAuts
   Orc:2: 2251 daAuts
  Lair:4: 2165 daAuts
     D:8: 2045 daAuts
  Lair:6: 1978 daAuts
  Lair:1: 1845 daAuts
  Lair:3: 1800 daAuts
     D:5: 1720 daAuts
     D:6: 1716 daAuts
  Lair:5: 1524 daAuts
  Lair:2: 1515 daAuts
     D:9: 1445 daAuts
     D:7: 1240 daAuts
     D:1: 1183 daAuts
     D:4: 1170 daAuts
